 Dungeon Crawl Stone Soup version 0.21.1-1-g345015f (webtiles) character file.

147 tidbits the Sneak (level 5, 43/43 HPs)
             Began as a Gnoll Assassin on Mar 29, 2018.
             Quit the game on level 5 of the Dungeon.
             The game lasted 00:05:33 (518 turns).

tidbits the Sneak (Gnoll Assassin)                   Turns: 518, Time: 00:05:34

Health: 43/43      AC:  3    Str: 13    XL:     5   Next: 29%
Magic:  7/7        EV: 13    Int: 14    God:
Gold:   66         SH:  0    Dex: 17    Spells: 6/6 levels left

rFire    . . .     SeeInvis .   a - +2 dagger
rCold    . . .     Gourm    .   (no shield)
rNeg     . . .     Faith    .   c - +0 robe
rPois    .         Spirit   .   (no helmet)
rElec    .         Reflect  .   d - +0 cloak
rCorr    .         Harm     .   (no gloves)
MR       .....                  (no boots)
Stlth    ++++......             (no amulet)
HPRegen  0.14/turn              (no ring)
MPRegen  0.10/turn              (no ring)

@: flying
A: distributed training, fangs 1, strong nose
a: no special abilities


You were on level 5 of the Dungeon.
You were not hungry.

You visited 2 branches of the dungeon, and saw 6 of its levels.

You collected 66 gold pieces.

Inventory:

Hand Weapons
 a - a +2 dagger (weapon)
 b - a +0 blowgun
 i - a +0 short sword
 m - a +0 flail
 n - a +0 shortbow
Missiles
 e - 15 poisoned needles
 f - 2 curare-tipped needles
 o - 28 arrows
Armour
 c - a +0 robe (worn)
 d - a +0 cloak (worn)
Scrolls
 h - a scroll of remove curse {unknown}
 j - a scroll of identify {unknown}
Comestibles
 g - 2 rations


   Skills:
 + Level 4.7 Fighting
 + Level 4.7 Short Blades
 + Level 1.4 Long Blades
 + Level 1.4 Axes
 + Level 1.4 Maces & Flails
 + Level 1.4 Polearms
 + Level 1.4 Staves
 + Level 1.4 Slings
 + Level 1.4 Bows
 + Level 1.4 Crossbows
 + Level 4.7 Throwing
 + Level 1.4 Armour
 + Level 2.9 Dodging
 + Level 7.9 Stealth
 + Level 1.4 Shields
 + Level 1.4 Unarmed Combat
 + Level 1.4 Spellcasting
 + Level 1.1 Conjurations
 + Level 1.1 Hexes
 + Level 1.1 Charms
 + Level 1.1 Summonings
 + Level 1.1 Necromancy
 + Level 1.1 Translocations
 + Level 1.1 Transmutations
 + Level 1.1 Fire Magic
 + Level 1.1 Ice Magic
 + Level 1.1 Air Magic
 + Level 1.1 Earth Magic
 + Level 1.1 Poison Magic
 + Level 1.5 Invocations
 + Level 1.4 Evocations


You had 6 spell levels left.
You didn't know any spells.

Dungeon Overview and Level Annotations

Branches:
Dungeon (5/15)             Temple (1/1) D:5

Altars:
Ashenzari
Elyvilon
Fedhas
Makhleb
Sif Muna
Uskayaw
Vehumet
Wu Jian
Xom
Yredelemnul
Lugonu

Annotations:
D:5 Pad's ghost, novice MfTm


Innate Abilities, Weirdness & Mutations

Your experience applies equally to all skills.
You have very sharp teeth.
Your uncanny sense of smell can sniff out nearby items.


Message History

There is an open door here.
Found 18 gold pieces.
You see here 18 gold pieces.
You now have 66 gold pieces (gained 18).
An orc comes into view. It is wielding a falchion.
The orc hits you but does no damage.
You hit the orc. You bite the orc, but do no damage.
The orc is severely wounded.
You hit the orc.
You kill the orc!
You see here a falchion.
Found a ration.
Found a flail.
You open the door.
An adder skeleton comes into view.
There is an open door here.
Found 30 stones.
The helpless adder skeleton fails to defend itself.
You stick the adder skeleton like a pincushion!!!
You destroy the adder skeleton!
There is an open door here.
You see here a ration.
g - 2 rations (gained 1)
You see here a flail.
m - a flail You open the door.
Found a stone staircase leading down.
There is an open door here.
Found a dagger.
There is a stone staircase leading down here.
You climb downwards.
There is a stone staircase leading up here.
Unknown command.
Found a stone staircase leading up.
A centaur comes into view.
There is a stone staircase leading up here.
An orc comes into view. It is wielding a trident.
Unknown command.
The helpless centaur fails to defend itself.
You spit the centaur like a pig!!!
You kill the centaur!
Your Conjurations skill increases to level 1!
Your Hexes skill increases to level 1!
Your Charms skill increases to level 1!
Your Summonings skill increases to level 1!
Your Necromancy skill increases to level 1!
Your Translocations skill increases to level 1!
Your Transmutations skill increases to level 1!
Your Fire Magic skill increases to level 1!
Your Ice Magic skill increases to level 1!
Your Air Magic skill increases to level 1!
Your Earth Magic skill increases to level 1!
Your Poison Magic skill increases to level 1!
You have reached level 5!
Things that are here:
a shortbow; 28 arrows
n - a shortbow;
o - 28 arrows
There is a stone staircase leading up here.
You climb upwards.
There is a stone staircase leading down here.
Unknown command.
You climb downwards.
There is a stone staircase leading up here.
Unknown command.
Found a staircase to the Ecumenical Temple.
A leopard gecko skeleton comes into view.
The leopard gecko skeleton moves out of view.
There is a staircase to the Ecumenical Temple here.
You climb downwards.
Welcome to the Ecumenical Temple!
There is a staircase back to the Dungeon here.
Unknown command.
Found two corrupted altars of Lugonu.
Found a corrupted altar of Lugonu.
Found four altars.
Found a radiant altar of Vehumet.
Found a blossoming altar of Fedhas.
Found two corrupted altars of Lugonu and a basalt altar of Yredelemnul.
Unknown command.
Found a burning altar of Makhleb.
Found a corrupted altar of Lugonu.
Found a corrupted altar of Lugonu.
Why would you want to do that?
Found a white marble altar of Elyvilon.
Found a corrupted altar of Lugonu.
Found a corrupted altar of Lugonu and a deep blue altar of Sif Muna.
Unknown command.
There is a corrupted altar of Lugonu here.
Unknown command.
Press < or > to pray at altars.
There is a staircase back to the Dungeon here.
You climb upwards.
Welcome back to the Dungeon!
Pad's ghost (novice Merfolk Transmuter) comes into view.
Pad's ghost turns its malevolent gaze towards you.
Pad's ghost moves out of view.
There is a staircase to the Ecumenical Temple here.
Unknown command.
It was a potion of curing.
You feel better.
It was a potion of flight.
You feel very buoyant.
You fly up into the air.
Are you sure you want to abandon this character and quit the game? (Confirm with "yes".)

. ... .... #.# ... ... #..
... .. . .###. #
##.##.##.##..## #...
.##......W..#..##.#...
...............# .#... .
.. #..⌠...⌠..#... ... .
...#.....@...#..####.# ..
........Z............###..
..#.........#............
.#..⌠...⌠..#.......#.#..
.....................#<#..
...#.........#.......#.#..
#+ ##.##.##.##............
.......#.§§....##......
#.......##≈§######...##.


You could see Pad's ghost and a leopard gecko skeleton (wandering).

Vanquished Creatures
  A centaur (D:5)
  3 adders
  An adder skeleton (D:4)
  A worm (D:3)
  A dart slug (D:3)
  2 leopard geckos (D:2)
  An orc (D:4)
  A giant cockroach (D:2)
  3 goblins
  A hobgoblin (D:1)
  A jackal (D:2)
  3 kobolds
  4 bats
  2 frilled lizards
  2 rats
27 creatures vanquished.

Notes
Turn   | Place    | Note
-------+----------+-------------------------------------------
     0 | D:1      | tidbits the Gnoll Assassin began the quest for the Orb.
     0 | D:1      | Reached XP level 1. HP: 20/20 MP: 1/1
    82 | D:1      | Reached XP level 2. HP: 24/26 MP: 2/2
   199 | D:2      | Reached XP level 3. HP: 31/31 MP: 3/3
   256 | D:3      | Reached skill level 1 in Invocations
   284 | D:3      | Found an ornate altar of the Wu Jian Council.
   298 | D:3      | Reached skill level 1 in Long Blades
   298 | D:3      | Reached skill level 1 in Axes
   298 | D:3      | Reached skill level 1 in Maces & Flails
   298 | D:3      | Reached skill level 1 in Polearms
   298 | D:3      | Reached skill level 1 in Staves
   298 | D:3      | Reached skill level 1 in Slings
   298 | D:3      | Reached skill level 1 in Bows
   298 | D:3      | Reached skill level 1 in Crossbows
   298 | D:3      | Reached skill level 1 in Armour
   298 | D:3      | Reached skill level 1 in Shields
   298 | D:3      | Reached skill level 1 in Unarmed Combat
   298 | D:3      | Reached skill level 1 in Spellcasting
   298 | D:3      | Reached skill level 1 in Evocations
   329 | D:3      | Reached XP level 4. HP: 38/38 MP: 5/5
   397 | D:5      | Entered Level 5 of the Dungeon
   409 | D:5      | Noticed a centaur
   417 | D:5      | Killed a centaur
   417 | D:5      | Reached skill level 1 in Conjurations
   417 | D:5      | Reached skill level 1 in Hexes
   417 | D:5      | Reached skill level 1 in Charms
   417 | D:5      | Reached skill level 1 in Summonings
   417 | D:5      | Reached skill level 1 in Necromancy
   417 | D:5      | Reached skill level 1 in Translocations
   417 | D:5      | Reached skill level 1 in Transmutations
   417 | D:5      | Reached skill level 1 in Fire Magic
   417 | D:5      | Reached skill level 1 in Ice Magic
   417 | D:5      | Reached skill level 1 in Air Magic
   417 | D:5      | Reached skill level 1 in Earth Magic
   417 | D:5      | Reached skill level 1 in Poison Magic
   417 | D:5      | Reached XP level 5. HP: 43/43 MP: 5/7
   437 | D:5      | Found a staircase to the Ecumenical Temple.
   445 | Temple   | Entered the Ecumenical Temple
   514 | D:5      | Noticed Pad's ghost (novice MfTm)
   518 | D:5      | Quit the game

Skill      XL: |  1  2  3  4 |
---------------+-------------+-----
Invocations    | 1 |  1.5
Long Blades    | 1 |  1.4
Axes           | 1 |  1.4
Maces & Flails | 1 |  1.4
Polearms       | 1 |  1.4
Staves         | 1 |  1.4
Slings         | 1 |  1.4
Bows           | 1 |  1.4
Crossbows      | 1 |  1.4
Armour         | 1 |  1.4
Shields        | 1 |  1.4
Unarmed Combat | 1 |  1.4
Spellcasting   | 1 |  1.4
Evocations     | 1 |  1.4
Conjurations   | 1 |  1.1
Hexes          | 1 |  1.1
Charms         | 1 |  1.1
Summonings     | 1 |  1.1
Necromancy     | 1 |  1.1
Translocations | 1 |  1.1
Transmutations | 1 |  1.1
Fire Magic     | 1 |  1.1
Ice Magic      | 1 |  1.1
Air Magic      | 1 |  1.1
Earth Magic    | 1 |  1.1
Poison Magic   | 1 |  1.1
Fighting       | |  4.7
Short Blades   | |  4.7
Throwing       | |  4.7
Dodging        | |  2.9
Stealth        | |  7.9

Action                   |  1- 3 |  4- 6 || total
-------------------------+-------+-------++-------
Melee: Dagger            |    49 |     4 ||    53
       Bite              |     1 |     1 ||     2
 Fire: Blowgun           |     1 |       ||     1
  Use: Potion            |       |     2 ||     2
 Stab: Sleeping          |    12 |     2 ||    14
Armor: Robe              |     5 |     1 ||     6
Dodge: Dodged            |    24 |       ||    24

Table legend:
 A = Turns spent in this place as a percentage of turns spent in the entire game.
 B = Non-inter-level travel turns spent in this place as a percentage of non-inter-level travel turns spent in the entire game.
 C = Inter-level travel turns spent in this place as a percentage of turns spent in this place.
 D = Turns resting spent in this place as a percentage of non-inter-level travel turns spent in this place.
 E = Turns spent auto-exploring this place as a percentage of non-inter-level travel turns spent in this place.
 F = Non-inter-level travel turns spent in this place divided by the number of levels of this place that you've seen.
                   A       B       C       D       E      F
               +-------+-------+-------+-------+-------+----------------------
         Total | 100.0 | 100.0 |   3.7 |   0.0 |   0.0 |  83.2
       Dungeon |  86.7 |  90.0 |   0.0 |   0.0 |   0.0 |  89.8
        Temple |  13.3 |  10.0 |  27.5 |   0.0 |   0.0 |  50.0
               +-------+-------+-------+-------+-------+----------------------

Table legend:
 A = Kills in this place as a percentage of kills in entire the game.
 B = Kills by you in this place as a percentage of kills by you in the entire game.
 C = Kills by friends in this place as a percentage of kills by friends in the entire game.
 D = Other kills in this place as a percentage of other kills in the entire game.
 E = Experience gained in this place as a percentage of experience gained in the entire game.
 F = Experience gained in this place divided by the number of levels of this place that you have seen.
                   A       B       C       D       E      F
               +-------+-------+-------+-------+-------+----------------------
         Total | 100.0 | 100.0 |   N/A |   N/A | 100.0 |  35.2
       Dungeon | 100.0 | 100.0 |   N/A |   N/A | 100.0 |  42.2
               +-------+-------+-------+-------+-------+----------------------

Vault maps used:
D:1:      dpeg_arrival_three_same_balls
D:2:      nicolae_qazlal_general_emergency, lemuel_doored_altar, minivault_23,
          uniq_jessica
D:3:      nicolae_overflow_hidden_temple, nicolae_overflow_crystal_walls,
          grunt_ministairs_5, grunt_dithmenos_smoke, uniq_crazy_yiuf_cottage,
          uniq_terence, uniq_sigmund
D:4:      old_standard_altar, kennysheep_mini_moat
D:5:      lightli_temple_of_fire, minmay_temple_entry_large_hall, first_ration
Temple:   kb_corrupted_temple
